 Dungeon Crawl Stone Soup version 0.27-a0-96-gb51a1d6fd6 (webtiles) character file.

Game seed: 11424691026641017067

90 knot the Chopper (level 4, -6/35 HPs)
             Began as a Demonspawn Berserker on Jan 19, 2021.
             Was a Believer of Trog.
             Mangled by a gnoll
             ... wielding a cursed +0 halberd
              (17 damage)
             ... on level 3 of the Dungeon.
             The game lasted 00:02:48 (2545 turns).

knot the Chopper (Demonspawn Berserker)             Turns: 2545, Time: 00:02:49

Health: -6/35      AC:  6    Str: 17    XL:     4   Next: 32%
Magic:  4/4        EV: 12    Int: 10    God:    Trog [**....]
Gold:   128        SH:  0    Dex: 12    Spells: 3/3 levels left

rFire    . . .     SeeInvis .   a - +0 hand axe
rCold    + . .     Faith    .   (no shield)
rNeg     . . .     Spirit   .   b - +0 animal skin
rPois    .         Reflect  .   l - +0 helmet
rElec    .         Harm     .   n - +2 cloak
rCorr    .         Rampage  .   (no gloves)
Will     .....                  (no boots)
Stlth    +.........             (no amulet)
HPRegen  0.11/turn              k - ring of protection from cold
MPRegen  0.09/turn              (no ring)

@: berserk cooldown, slowed, very slow
A: powered by death 1
a: Renounce Religion, Berserk, Trog's Hand


You were on level 3 of the Dungeon.
You worshipped Trog.
Trog was pleased with you.
You visited 1 branch of the dungeon, and saw 3 of its levels.

You collected 128 gold pieces.

Inventory:

Hand Weapons
 a - a +0 hand axe (weapon)
Missiles
 f - 7 datura-tipped darts (quivered)
 g - 57 stones
 j - 22 sling bullets
Armour
 b - a +0 animal skin (worn)
 l - a +0 helmet (worn)
 n - a +2 cloak (worn)
Jewellery
 k - a ring of protection from cold (left hand)
Wands
 r - a wand of random effects (26)
Scrolls
 c - 2 scrolls of teleportation {unknown}
 d - 2 scrolls of blinking {unknown}
 e - a scroll of enchant armour {unknown}
 i - a scroll of random uselessness {unknown}
 m - a scroll of immolation {unknown}
 o - 3 scrolls of identify {unknown}
 t - a scroll of amnesia {unknown}
Potions
 h - a potion of curing {unknown}
 p - a potion of haste {unknown}
 q - a potion of might {unknown}
 s - a potion of cancellation {unknown}


   Skills:
 - Level 3.0 Fighting
 + Level 4.7 Axes
 - Level 1.7 Armour
 - Level 1.7 Dodging


You had 3 spell levels left.
You didn't know any spells.
Your spell library was empty.

Dungeon Overview and Level Annotations

Branches:
Dungeon (3/15)

Altars:
Gozag


Innate Abilities, Weirdness & Mutations

You regenerate a little health from kills.


Message History

Something barely misses the gnoll.
The gnoll hits something with a +0 spear!
Something barely misses the gnoll.
Trog accepts your kill.
You feel a bit more experienced. x2
The gnoll closely misses you.
The gnoll hits you from afar with a cursed +0 halberd.
The gnoll closely misses you. The gnoll closely misses you.
The gnoll completely misses you.
The gnoll hits you from afar with a cursed +0 halberd!
The gnoll hits you from afar with a cursed +0 halberd.
Things that are here:
a cursed -1 club; a hobgoblin corpse You see here a giant cockroach corpse.
The gnoll closely misses you.
The gnoll hits you from afar with a cursed +0 halberd!
There is a stone staircase leading up here.
The gnoll hits you from afar with a cursed +0 halberd!
You die...

#########
#.......#
#.#####.#
#.#@# #.#
###.#.#
#.#
#...#g#
#.#
###.#g#
#g# #.#.#
#.# #.#.#
#.#
#.#.###.##
#(#..†)..#
#g#......#


You could see 2 gnolls.

Vanquished Creatures
  An iguana (D:2)
  An adder (D:2)
  An ooze (D:1)
  A worm (D:2)
  A leopard gecko (D:1)
  3 giant cockroaches
  6 goblins
  7 hobgoblins
  A quokka (D:2)
  4 bats
  2 frilled lizards
  7 kobolds
  5 rats
40 creatures vanquished.

Vanquished Creatures (collateral kills)
  A gnoll (D:3)
1 creature vanquished.

Vanquished Creatures (others)
  A gnoll (D:3)
1 creature vanquished.

Grand Total: 42 creatures vanquished

Notes
Turn   | Place    | Note
-------+----------+-------------------------------------------
     0 | D:1      | knot the Demonspawn Berserker began the quest for the Orb.
     0 | D:1      | Reached XP level 1. HP: 18/18 MP: 1/1
   114 | D:1      | Reached skill level 3 in Axes
   274 | D:1      | Gained mutation: You regenerate a little health from kills.
                  | [demonic ancestry]
   274 | D:1      | Reached XP level 2. HP: 13/24 MP: 2/2
   785 | D:1      | Reached XP level 3. HP: 21/29 MP: 3/3
   893 | D:1      | You fall into a shaft and drop 1 floor!
  1086 | D:2      | Found an opulent altar of Gozag.
  1620 | D:2      | Reached skill level 4 in Axes
  1659 | D:2      | Reached ** piety under Trog
  2384 | D:2      | Reached XP level 4. HP: 35/35 MP: 4/4
  2545 | D:3      | Mangled by a gnoll

Illustrated notes

Levels and vault maps discovered:
D:1:      psy_arrival_terrarium, layout_basic, minmay_hexomino_u4
D:2:      layout_loops_cross, nicolae_gozag_cash_rules_everything_around_me
D:3:      layout_basic

Skill      XL: |  1  2  3 |
---------------+----------+-----
Axes           | 3 4 |  4.7
Fighting       | |  3.0
Armour         | |  1.7
Dodging        | |  1.7

Action                   |  1- 3 |  4- 6 || total
-------------------------+-------+-------++-------
Melee: Hand axe          |   130 |     9 ||   139
Throw: Dart              |       |     1 ||     1
Invok: Berserk           |     4 |     1 ||     5
 Stab: Sleeping          |     3 |       ||     3
Armor: Animal skin       |    26 |       ||    26
Dodge: Dodged            |    79 |    13 ||    92

Table legend: (Time is in decaauts)
 A = Elapsed time spent in this place.
 B = Non-inter-level travel time spent in this place.
 C = Inter-level travel time spent in this place.
 D = Time resting spent in this place.
 E = Time spent auto-exploring this place.
 F = Levels seen in this place.
 G = Mean time per level.
                   A        B        C        D        E       F      G
               +--------+--------+--------+--------+--------+-----+--------+
         Total |   2609 |   2484 |    125 |    633 |   1452 |   3 |  869.7 |
       Dungeon |   2609 |   2484 |    125 |    633 |   1452 |   3 |  869.7 |
               +--------+--------+--------+--------+--------+-----+--------+

Top non-repeatable levels by time:
     D:1: 1278 daAuts
     D:2: 1194 daAuts
     D:3: 136 daAuts
